 Dungeon Crawl Stone Soup version 0.16.0 (webtiles) character file.

1576 Sixotanaka the Frost Mage (level 8, 0/52 HPs)
             Began as a Vampire Ice Elementalist on Mar 17, 2015.
             Was a Follower of Vehumet.
             Slain by a killer bee (3 damage)
             ... on level 7 of the Dungeon.
             The game lasted 00:17:15 (6424 turns).

Sixotanaka the Frost Mage (VpIE)                    Turns: 6424, Time: 00:17:15

Health: 0/52       AC:  3    Str:  7    XL:     8   Next: 60%
Magic:  9/13       EV: 12    Int: 18    God:    Vehumet [*.....]
Gold:   282        SH:  0    Dex: 15    Spells: 3 memorised, 4 levels left

rFire  + . .     SeeInvis +     x - +3 flail (crush)
rCold  . . .     Clarity  .     i - +0 robe {rF+}
rNeg   + + .     SustAb   .     (no shield)
rPois  .         Gourm    .     (no helmet)
rElec  .         Spirit   .     (no cloak)
rCorr  .         Warding  .     s - +0 pair of gloves
rMut   .         Stasis   .     (no boots)
MR     +....                    (no amulet)
Stlth  ++........               d - ring of protection from magic
                                m - ring of positive energy

@: lethally poisoned (0 -> -21), somewhat resistant to hostile enchantments,
unstealthy
A: bottle blood, fangs 3, see invisible, unbreathing
a: Bat Form, Renounce Religion


You were on level 7 of the Dungeon.
You worshipped Vehumet.
Vehumet was aware of your devotion.
You were not thirsty.

You visited 2 branches of the dungeon, and saw 8 of its levels.

You collected 282 gold pieces.


Innate Abilities, Weirdness & Mutations

You can bottle blood from corpses.
You have razor-sharp teeth.
You have supernaturally acute eyesight.
You can survive without breathing.


   Skills:
 - Level 2.1 Dodging
 - Level 3.0 Stealth
 - Level 2.0 Spellcasting
 - Level 0.6 Conjurations
 + Level 11.1 Ice Magic


You had 4 spell levels left.
You knew the following spells:

 Your Spells              Type           Power        Failure   Level  Hunger
c - Throw Icicle          Conj/Ice       ###.....     21%         4    #####..
x - Throw Frost           Conj/Ice       ###...       2%          2    ###....
z - Freeze                Ice            ####         1%          1    #......


Dungeon Overview and Level Annotations

Branches:
Dungeon (7/15)             Temple (1/1) D:4

Altars:
Dithmenos
Elyvilon
Fedhas
Gozag
Kikubaaqudgha
Makhleb
Qazlal
Ru
Trog
Vehumet
Yredelemnul
Zin
The Shining One

Annotations:
D:2 Sigmund
D:3 Grinder; hungryneko's ghost, average DsGl
D:5 exclusion: downstairs
D:6 Tomod's ghost, experienced MiBe

Inventory:

Hand weapons
 t - a +0 blowgun
 x - a +3 flail of crushing (weapon)
   (You took it off an orc on level 5 of the Dungeon)
Missiles
 u - 2 poisoned needles
Armour
 i - a +0 robe of fire resistance (worn)
   (You took it off an orc wizard on level 6 of the Dungeon)
 s - a +0 pair of gloves (worn)
Jewellery
 d - a ring of protection from magic (right hand)
 m - a ring of positive energy (left hand)
 r - the ring "Tumyzod" {rElec rPois rC- MP+9 Str-2 Int+7}
   (You took it off a crimson imp on level 6 of the Dungeon)

   [ring of magical power]

   It affects your strength (-2).
   It affects your intelligence (+7).
   It makes you vulnerable to cold.
   It insulates you from electricity.
   It protects you from poison.
   It affects your magic capacity (+9).
 y - an uncursed ring of flight
Magical devices
 f - a wand of confusion (16)
Scrolls
 e - a scroll of noise {unknown}
 h - a scroll of fear {unknown}
 j - a scroll of teleportation {@r4}
 n - a scroll of identify {@r1}
Potions
 a - a potion of poison {unknown}
 c - 13 potions of blood
 g - a potion of curing {unknown}
 k - 2 potions of restore abilities
 l - a potion of heal wounds {@q2}
 o - a potion of mutation {unknown}
 p - 2 potions of brilliance {unknown}
 q - a potion of agility {unknown}
Books
 b - a book of Frost
 v - a Necronomicon {highlevel, unknown}

.... ... #..
#.. #.. ##y.##
#...†#######.
#...yy.......#
#.###y@..##...
#..### #.?#
#.## #.# #.#
#.. #.. # # #


You could see 4 killer bees.


Message History

You start resting.
You start resting.
You are feeling thirsty.
Drink which item? (? for menu, Esc to quit)
Yummy - fresh blood!
There is a large open door here.
There is an open door here.
You open the door.
There is an open door here.
As you open the door, it creaks loudly!
Found a stone staircase leading down.
There is an open door here.
There is a stone staircase leading down here.
You climb downwards.
A giant frog comes into view.
Found a scroll labeled GAICWA PIOMU.
There is a stone staircase leading up here.
You freeze the giant frog.
The giant frog croaks.
You hear an angry buzzing noise.
The giant frog hits you.
You freeze the giant frog. The giant frog hits you.
A killer bee comes into view.
You freeze the giant frog.
You kill the giant frog!
Vehumet accepts your kill.
You feel your power returning.
Your Ice Magic skill increases to level 11!
The killer bee buzzes angrily.
You hear an angry buzzing noise.
You hear an angry buzzing noise.
You freeze the killer bee. The killer bee barely misses you.
The killer bee stings you.
You are poisoned.
The killer bee poisons you!
You freeze the killer bee.
You feel sick. The killer bee stings you.
You are more poisoned.
The killer bee poisons you! The killer bee stings you.
A killer bee comes into view.
You freeze the killer bee.
You kill the killer bee!
Vehumet accepts your kill.
The killer bee buzzes angrily.
You feel sick.
You hear an angry buzzing noise.
The killer bee stings you!
* * * LOW HITPOINT WARNING * * *
A killer bee comes into view.
You freeze the killer bee.
You feel sick. The killer bee misses you.
A killer bee comes into view.
You feel sick. The killer bee barely misses you.
A killer bee comes into view.
There is a stone staircase leading up here.
Drink which item? (? for menu, Esc to quit)
You feel much better. The killer bee stings you!
* * * LOW HITPOINT WARNING * * *
You are more poisoned.
The killer bee poisons you! The killer bee barely misses you.
The killer bee stings you.
* * * LOW HITPOINT WARNING * * *
The killer bee stings you.
* * * LOW HITPOINT WARNING * * *
You are more poisoned.
The killer bee poisons you!
* * * LOW HITPOINT WARNING * * *
You feel very sick. The killer bee stings you.
* * * LOW HITPOINT WARNING * * *
The killer bee stings you.
* * * LOW HITPOINT WARNING * * *
The killer bee barely misses you. The killer bee stings you.
You die...

Action                   |  1- 3 |  4- 6 |  7- 9 || total
-------------------------+-------+-------+-------++-------
Melee: Unarmed           |     4 |       |       ||     4
       Club              |    14 |       |       ||    14
       Short sword       |    11 |    34 |       ||    45
       Flail             |       |     7 |    26 ||    33
 Cast: Freeze            |    42 |    63 |    53 ||   158
       Throw Frost       |     1 |    10 |    16 ||    27
  Use: Potion            |     4 |     7 |     9 ||    20
       Scroll            |       |     1 |     6 ||     7
 Stab: Sleeping          |     4 |     2 |     2 ||     8
  Eat: Corpse            |       |     1 |       ||     1

Vault maps used:
D:1:      elethiomel_arrival_infinity_welcomes_careful_drivers
D:2:      old_standard_altar, first_bread, minmay_misc_feat_rows,
          nicolae_ru_great_annihilating_truth, uniq_sigmund
D:3:      okawaru_metal_pillars_3, uniq_grinder
D:4:      minmay_temple_entry_glass
D:5:      uniq_prince_ribbit1, uniq_iyjb
D:6:      kennysheep_big_flooded_room, nemelex_deck, grunt_ministairs_12
D:7:      xom_butterflies, uniq_eustachio
Temple:   minmay_freezing_vapour_temple_12

Notes
Turn   | Place    | Note
--------------------------------------------------------------
     0 | D:1      | Sixotanaka, the Vampire Ice Elementalist, began the quest for the Orb.
     0 | D:1      | Reached XP level 1. HP: 13/13 MP: 3/3
   229 | D:1      | Reached XP level 2. HP: 19/19 MP: 2/4
   776 | D:2      | Reached skill level 4 in Ice Magic
   859 | D:2      | Found a bloodstained altar of Trog.
   961 | D:2      | Learned a level 2 spell: Throw Frost
   983 | D:2      | Reached XP level 3. HP: 24/24 MP: 0/6
  1433 | D:2      | Noticed Sigmund
  1562 | D:3      | Noticed hungryneko's ghost (average DsGl)
  1577 | D:3      | Noticed Grinder
  2059 | D:4      | Reached skill level 5 in Ice Magic
  2059 | D:4      | Reached XP level 4. HP: 20/30 MP: 2/7
  2617 | D:4      | Reached XP level 5. HP: 35/35 MP: 5/9
  2675 | D:4      | Reached skill level 6 in Ice Magic
  2768 | D:4      | HP: 7/35 [orc wizard/magic dart (4)]
  3175 | D:4      | Found a staircase to the Ecumenical Temple.
  3186 | Temple   | Entered the Ecumenical Temple
  3190 | Temple   | Became a worshipper of Vehumet
  3271 | D:4      | Noticed an ice beast
  3326 | D:5      | Entered Level 5 of the Dungeon
  3326 | D:5      | Noticed Prince Ribbit
  3508 | D:5      | Reached XP level 6. HP: 41/41 MP: 4/10
  3586 | D:5      | Reached skill level 7 in Ice Magic
  4291 | D:5      | Noticed an ice beast
  4468 | D:5      | Reached skill level 8 in Ice Magic
  4468 | D:5      | Reached XP level 7. HP: 40/46 MP: 7/12
  4601 | D:6      | Acquired Vehumet's first power
  4601 | D:6      | Offered knowledge of Sandblast by Vehumet.
  4743 | D:5      | Learned a level 4 spell: Throw Icicle
  4964 | D:5      | Killed an ice beast
  5011 | D:5      | Reached skill level 9 in Ice Magic
  5087 | D:5      | Killed Prince Ribbit
  5363 | D:5      | Noticed Ijyb
  5371 | D:5      | Killed Ijyb
  5403 | D:5      | Reached XP level 8. HP: 40/52 MP: 8/13
  5654 | D:5      | Reached skill level 10 in Ice Magic
  5786 | D:6      | Noticed Tomod's ghost (experienced MiBe)
  6294 | D:6      | Got a twitching brass ring
  6296 | D:6      | Identified the ring "Tumyzod" {rElec rPois rC- MP+9 Str-2 Int+7} (You took it off a crimson imp on level 6 of the Dungeon)
  6417 | D:7      | Reached skill level 11 in Ice Magic
  6423 | D:7      | HP: 13/52 [killer bee (4)]
  6424 | D:7      | HP: 3/52 [killer bee (6)]
  6424 | D:7      | Slain by a killer bee

Vanquished Creatures
  Prince Ribbit (D:5)
  A hippogriff (D:6)
  A sky beast (D:6)
  An orc warrior (D:5)
  An ice beast (D:5)
  An ogre (D:5)
  2 giant frogs
  A scorpion (D:5)
  A killer bee (D:7)
  2 crimson imps
  2 orc priests (D:5)
  3 jellies
  2 iguanas
  7 orc wizards
  3 worker ants
  Ijyb (D:5)
  A hound skeleton (D:4)
  8 adders
  2 worms
  An ooze (D:3)
  10 orcs
  8 bats
  3 giant cockroaches
  6 goblins
  7 hobgoblins
  8 jackals
  10 kobolds
  A quokka (D:3)
  3 giant geckos
  8 giant newts
  11 rats
117 creatures vanquished.
